 Seeded DCSS version 0.28-a0-819-g6ef7baa362 (webtiles) character file.

Game seed: 20211109 (custom seed)

41 a11behringer the Covered (level 3, 0/33 HPs)
             Began as a Minotaur Fighter on Nov 9, 2021.
             Succumbed to an adder's poison
             ... on level 2 of the Dungeon.
             The game lasted 00:06:10 (1365 turns).

a11behringer the Covered (Minotaur Fighter)         Turns: 1365, Time: 00:06:10

Health: 0/33       AC:  7    Str: 20    XL:     3   Next: 32%
Magic:  2/2        EV:  9    Int:  5    God:
Gold:   103        SH:  4    Dex: 10    Spells: 2/2 levels left

rFire   . . .      SeeInvis .   a - +0 long sword
rCold   . . .      Faith    .   c - +0 buckler
rNeg    . . .      Spirit   .   b - +0 scale mail
rPois   .          Reflect  .   (helmet restricted)
rElec   .          Harm     .   (no cloak)
rCorr   .          Rampage  .   (no gloves)
Will    .....                   (no boots)
Stlth   ..........              (no amulet)
HPRegen 0.11/turn               (no ring)
MPRegen 0.08/turn               (no ring)

@: lethally poisoned (0 -> -7)
A: horns 2, retaliatory headbutt
a: no special abilities


You were on level 2 of the Dungeon.
You visited 1 branch of the dungeon, and saw 2 of its levels.

You collected 103 gold pieces.

Inventory:

Hand Weapons
 a - a +0 long sword (weapon)
Missiles
 f - 15 poisoned darts (quivered)
 h - 80 bolts
Armour
 b - a +0 scale mail (worn)
 c - a +0 buckler (worn)
Scrolls
 e - a scroll of acquirement
Potions
 d - a potion of might
 g - a potion of brilliance {unknown}
 i - a potion of berserk rage {unknown}
 j - a potion of degeneration {unknown}
 k - 2 potions of mutation {unknown}


   Skills:
 + Level 4.0 Fighting
 * Level 3.4 Long Blades
 + Level 4.1 Armour
 + Level 3.9 Shields


You had 2 spell levels left.
You didn't know any spells.
Your spell library contained the following spells:

 Spells                   Type           Power      Damage    Failure   Level
 Passwall                 Tmut/Erth      0%         N/A       92%         2
 Swiftness                Air            0%         N/A       99%         3
 Invisibility             Hex            0%         N/A       100%        6


Dungeon Overview and Level Annotations

Branches:
Dungeon (2/15)

Altars:
Jiyva


Innate Abilities, Weirdness & Mutations

You have a pair of horns on your head.
You reflexively headbutt those who attack you in melee.


Message History

The ball python barely misses you.
You slash the ball python!
You kill the ball python!
A gnoll comes into view. It is wielding a +0 spear.
Found a stone staircase leading up.
The gnoll shouts!
You hear a shout!
You hear an angry hiss. 2 gnolls come into view.
The gnoll shouts! x2; You hear an angry hiss.
An adder comes into view.
The gnoll hits you from afar with a +0 spear.
The gnoll hits you with a +0 spear! The gnoll closely misses you.
You slash the gnoll! Your headbutt misses the gnoll.
The gnoll is severely wounded.
The gnoll hits you from afar with a +0 spear.
The gnoll closely misses you. The gnoll hits you with a +0 spear.
The gnoll barely misses you. You furiously retaliate!
You headbutt the gnoll! The gnoll completely misses you.
The gnoll hits you with a +0 spear. The adder completely misses you.
You hit the gnoll.
The gnoll is moderately wounded.
The gnoll hits you with a +0 spear. The gnoll hits you with a +0 halberd.
* * * LOW HITPOINT WARNING * * *
You block the adder's attack. The gnoll hits you but does no damage.
A frilled lizard comes into view.
You block the gnoll's attack. The gnoll hits you with a +0 halberd.
* * * LOW HITPOINT WARNING * * *
You hit the gnoll.
The gnoll is severely wounded.
The adder bites you but does no damage. The gnoll hits you but does no damage.
The gnoll closely misses you. The adder bites you but does no damage.
The gnoll closely misses you.
You hit the gnoll.
The gnoll is almost dead.
The gnoll barely misses you. The adder bites you.
* * * LOW HITPOINT WARNING * * *
You are lethally poisoned!
The adder poisons you! You block the gnoll's attack. x2
You closely miss the gnoll.
The gnoll is almost dead.
You die...

#...# #.).###### .
#......... .########.
#.....#.# #.........
#.....#.# #....<....
#.....#.#####.........
###..........##......l..
........†....##..g......
#######..<...##g@g......
#.......#...S...#+#
#.......#.#####.#
#.......#.#### # ####
#.#######....# .# .
....... ....##....##.#..
........................
###### .##.≈≈≈≈≈.≈≈≈≈≈.≈
..# #.≈###≈.≈###≈.≈


You could see 3 gnolls, an adder and a frilled lizard.

Vanquished Creatures
  A jelly (D:1)
  An adder (D:2)
  A dart slug (D:1)
  2 bats
  2 endoplasms
  2 giant cockroaches
  2 goblins (D:1)
  2 hobgoblins (D:1)
  2 jackals (D:1)
  A kobold (D:1)
  5 quokkas
  3 ball pythons
  4 frilled lizards (D:1)
  2 rats
30 creatures vanquished.

Vanquished Creatures (others)
  7 plants (D:1)
  5 withered plants (D:1)
12 creatures vanquished.

Grand Total: 42 creatures vanquished

Notes
Turn   | Place    | Note
-------+----------+-------------------------------------------
     0 | D:1      | a11behringer the Minotaur Fighter began the quest for the
                  | Orb.
     0 | D:1      | Reached XP level 1. HP: 19/19 MP: 0/0
   182 | D:1      | Found a faded altar of an unknown god.
   192 | D:1      | Prayed at the altar of an unknown god.
   192 | D:1      | Became a worshipper of Jiyva Jinlicuh the Shapeless
   192 | D:1      | Reached * piety under Jiyva
   193 | D:1      | Fell from the grace of Jiyva
   201 | D:1      | Killed a jelly
   257 | D:1      | Reached XP level 2. HP: 27/27 MP: 1/1
   304 | D:1      | You fall into a shaft and drop 1 floor!
   341 | D:1      | Reached XP level 3. HP: 15/33 MP: 2/2
   753 | D:1      | Identified a scroll of acquirement
  1364 | D:2      | HP: 1/33 [adder (2)]
  1365 | D:2      | Succumbed to an adder's poison

Illustrated notes

Levels and vault maps discovered:
D:1:      amcnicky_arrival_wind_blow, layout_basic,
          shapermc_ecumenical_altar_flowoftime
D:2:      layout_basic, minmay_misc_feat_secret_circle, kennysheep_boxes,
          uniq_sigmund

Skill      XL: |  1  2 |
---------------+-------+-----
Fighting       | 4 |  4.0
Long Blades    | 3 |  3.4
Armour         | 4 |  4.1
Shields        | |  3.9

Action                   || total
-------------------------++-------
Melee: Long sword        ||    62
       Headbutt          ||    11
Invok: Renounce Religion ||     1
  Use: Scroll            ||     1
Armor: Scale mail        ||    26
Dodge: Dodged            ||    29
Block: Buckler           ||    16

Table legend: (Time is in decaauts)
 A = Elapsed time spent in this place.
 B = Non-inter-level travel time spent in this place.
 C = Inter-level travel time spent in this place.
 D = Time resting spent in this place.
 E = Time spent auto-exploring this place.
 F = Levels seen in this place.
 G = Mean time per level.
                   A        B        C        D        E       F      G
               +--------+--------+--------+--------+--------+-----+--------+
         Total |   1371 |   1080 |    291 |      0 |    843 |   2 |  685.5 |
       Dungeon |   1371 |   1080 |    291 |      0 |    843 |   2 |  685.5 |
               +--------+--------+--------+--------+--------+-----+--------+

Top non-repeatable levels by time:
     D:1: 1241 daAuts
     D:2: 129 daAuts
